 Dungeon Sprint DCSS version 0.26.1-10-gdfb7c7de75 (webtiles) character file.

Game seed: 3686153890232923362

612 phalm the Covert (level 7, -4/40 HPs)
             Began as a Spriggan Brigand on Apr 8, 2021.
             Was a Follower of Lugonu.
             Slain by Sonja
             ... wielding a +1 short sword of distortion
              (7 damage)
             ... in the Dungeon (Sprint I: "Red Sonja").
             The game lasted 00:03:00 (839 turns).

phalm the Covert (Spriggan Brigand)                  Turns: 839, Time: 00:03:01

Health: -4/40      AC:  3    Str:  7    XL:     7   Next: 20%
Magic:  8/8        EV: 27    Int: 12    God:    Lugonu [*.....]
Gold:   411        SH:  0    Dex: 20    Spells: 6/6 levels left

rFire    . . .     SeeInvis +   a - +2 dagger
rCold    . . .     Faith    .   (shield restricted)
rNeg     . . .     Spirit   .   b - +0 robe
rPois    .         Reflect  .   (helmet restricted)
rElec    .         Harm     .   c - +0 cloak
rCorr    .         Rampage  .   (gloves unavailable)
Will     +....     NoTele   +   (boots unavailable)
Stlth    +++++.....             (no amulet)
HPRegen  0.13/turn              (no ring)
MPRegen  0.11/turn              (no ring)

@: lethally poisoned (-4 -> -6), slowed, quick
A: very small, unfitting armour, see invisible, speed 3
a: Renounce Religion


You were in the Dungeon.
You worshipped Lugonu.
Lugonu was aware of your devotion.
You visited 1 branch You collected 411 gold pieces.

Inventory:

Hand Weapons
 a - a +2 dagger (weapon)
Missiles
 d - 3 poisoned darts
 e - a curare-tipped dart (quivered)
Armour
 b - a +0 robe (worn)
 c - a +0 cloak (worn)
Scrolls
 k - a scroll of blinking
Potions
 f - a potion of curing
 h - a potion of haste
 i - 2 potions of magic


   Skills:
 + Level 6.0 Fighting
 + Level 8.0 Short Blades
 + Level 7.2 Throwing
 + Level 10.0 Dodging
 + Level 12.0 Stealth


You had 6 spell levels left.
You didn't know any spells.
Your spell library was empty.

Dungeon Overview and Level Annotations

Branches:
Dungeon (1/1)

Altars:
Cheibriados
Dithmenos
Elyvilon
Fedhas
Gozag
Hepliaklqana
Kikubaaqudgha
Makhleb
Nemelex Xobeh
Okawaru
Qazlal
Ru
Sif Muna
Trog
Uskayaw
Vehumet
Wu Jian
Xom
Yredelemnul
Zin
The Shining One
Jiyva
Lugonu

Shops:
D (

Annotations:
D Sonja


Innate Abilities, Weirdness & Mutations

You are very small and have problems with some larger weapons.
You are too small for most types of armour.
You have supernaturally acute eyesight. (SInv)
You cover ground extremely quickly.


Message History

You see here 2 curare-tipped darts.
e - 2 curare-tipped darts You feel sick.
Throw: 2 darts (curare)
Press: ? - help, Q - select action, (/) - cycle Shift-Dir - straight line, f/p - Sonja
Aim: Sonja, wielding a +1 short sword of distortion (heavily wounded, very poisoned, slow, 28% to hit)
You throw a curare-tipped dart.
The curare-tipped dart closely misses Sonja.
Sonja misses you. Sonja closely misses you. Sonja hits you but does no damage.
Space bends around you.
Sonja is no longer moving slowly.
Sonja hits you with a +1 short sword of distortion.
* * * LOW HITPOINT WARNING * * *
Sonja completely misses you. Sonja misses you.
You see here 27 gold pieces.
Sonja closely misses you. Sonja barely misses you. Sonja completely misses you.
Sonja hits you with a +1 short sword of distortion!
* * * LOW HITPOINT WARNING * * *
Space bends around you!
You die...

#..#####'#####'#__####
..+ #..##
#..#...#[#### ##
#..#__####..##.#
#..#____K##'#_.+
#⌠⌠#_.∩..†(((._#
####_..__##_.#'#
#_____ ##'#[# ######
##.###


+$@$+ #$K(# ##.## #+# You could see Sonja (poisoned).

Vanquished Creatures
  A slime creature (D)
  Sigmund (D)
  A yak (D)
  An ogre (D)
  A jelly (D)
  Ijyb (D)
6 creatures vanquished.

Notes
Turn   | Place    | Note
-------+----------+-------------------------------------------
     0 | D        | phalm the Spriggan Brigand began the quest for the Orb.
     0 | D        | Reached XP level 1. HP: 10/10 MP: 2/2
     2 | D        | Noticed Ijyb
     4 | D        | Killed Ijyb
     5 | D        | Reached skill level 7 in Stealth
     5 | D        | Reached XP level 2. HP: 16/16 MP: 3/3
     6 | D        | Noticed an ogre
     9 | D        | Killed an ogre
    10 | D        | Reached skill level 5 in Short Blades
    10 | D        | Reached skill level 8 in Stealth
    10 | D        | Reached XP level 3. HP: 21/21 MP: 4/4
    10 | D        | Reached XP level 4. HP: 25/25 MP: 5/5
    11 | D        | Noticed Sigmund
    14 | D        | Killed Sigmund
    15 | D        | Reached skill level 5 in Throwing
    15 | D        | Reached skill level 10 in Stealth
    15 | D        | Reached XP level 5. HP: 30/30 MP: 6/6
    38 | D        | Found an ornate altar of the Wu Jian Council.
    38 | D        | Found a shimmering blue altar of Sif Muna.
    40 | D        | Found a radiant altar of Vehumet.
    75 | D        | Reached XP level 6. HP: 2/35 MP: 7/7
   397 | D        | Found a viscous altar of Jiyva.
   397 | D        | Found a corrupted altar of Lugonu.
   397 | D        | Noticed a slime creature
   398 | D        | Found a burning altar of Makhleb.
   398 | D        | Found a shimmering altar of Xom.
   406 | D        | Became a worshipper of Lugonu the Unformed
   406 | D        | Reached * piety under Lugonu
   461 | D        | Killed a slime creature
   462 | D        | Reached skill level 5 in Fighting
   462 | D        | Reached skill level 11 in Stealth
   771 | D        | Noticed a kobold demonologist
   771 | D        | Noticed a floating eye
   798 | D        | Found Nagiro's Antique Weapon Emporium.
   798 | D        | Found an ancient bone altar of Kikubaaqudgha.
   798 | D        | Found a hazy altar of Hepliaklqana.
   798 | D        | Found a hide-covered altar of Uskayaw.
   798 | D        | Found a basalt altar of Yredelemnul.
   798 | D        | Found an opulent altar of Gozag.
   798 | D        | Found a snail-covered altar of Cheibriados.
   798 | D        | Found a sacrificial altar of Ru.
   798 | D        | Found a shadowy altar of Dithmenos.
   798 | D        | Noticed a yak
   799 | D        | Found a stormy altar of Qazlal.
   799 | D        | Found a blossoming altar of Fedhas.
   799 | D        | Found a bloodstained altar of Trog.
   799 | D        | Found an iron altar of Okawaru.
   799 | D        | Found a glowing golden altar of the Shining One.
   799 | D        | Found a glowing silver altar of Zin.
   799 | D        | Found a white marble altar of Elyvilon.
   800 | D        | Killed a yak
   801 | D        | Reached skill level 10 in Dodging
   801 | D        | Reached skill level 12 in Stealth
   801 | D        | Reached XP level 7. HP: 40/40 MP: 8/8
   801 | D        | Found a sparkling altar of Nemelex Xobeh.
   812 | D        | Noticed Sonja
   839 | D        | Slain by Sonja

Illustrated notes

Levels and vault maps discovered:
D:        dungeon_sprint_1 [red_sonja_temple_1, red_sonja_temple_small_1]

Skill      XL: |  1  2  3  4  5  6 |
---------------+-------------------+-----
Fighting       | 2 3 4 6 |  6.0
Short Blades   | 3 5 6 8 |  8.0
Throwing       | 3 4 5 6 7 |  7.2
Dodging        | 3 6 8 10 | 10.0
Stealth        | 7 8 10 12 | 12.0

Action                   |  1- 3 |  4- 6 |  7- 9 || total
-------------------------+-------+-------+-------++-------
Melee: Dagger            |     2 |    33 |     6 ||    41
Throw: Dart              |       |    16 |     9 ||    25
  Use: Potion            |       |     2 |       ||     2
 Stab: Sleeping          |     2 |     2 |       ||     4
Armor: Robe              |       |     1 |     2 ||     3
Dodge: Dodged            |       |    13 |    19 ||    32
